 Dungeon Crawl Stone Soup version 0.27-a0-869-g165b36e3f0 (webtiles) character file.

Game seed: 9377137823116435824

3432 polve the Basher (level 10, -7/66 HPs)
             Began as a Gargoyle Berserker on Apr 2, 2021.
             Was an Elder of Trog.
             Mangled by an orc knight
             ... wielding a +0 trident
              (14 damage)
             ... in a bailey.
             The game lasted 00:09:13 (8294 turns).

polve the Basher (Gargoyle Berserker)               Turns: 8294, Time: 00:09:14

Health: -7/66      AC: 20    Str: 23    XL:     10   Next: 5%
Magic:  10/10      EV: 10    Int:  9    God:    Trog [****..]
Gold:   368        SH:  0    Dex:  9    Spells: 9/9 levels left

rFire    . . .     SeeInvis +   B - +0 morningstar
rCold    . . .     Faith    +   (no shield)
rNeg     + + .     Spirit   .   g - +1 plate armour {Will+}
rPois    ∞         Reflect  .   b - +0 helmet {SInv}
rElec    +         Harm     .   f - scarf {shadows}
rCorr    .         Rampage  .   (no gloves)
Will     +....                  (no boots)
Stlth    ..........             A - amulet of faith
HPRegen  0.21/turn              q - ring of positive energy
MPRegen  0.12/turn              p - +4 ring of evasion

@: berserk cooldown, slowed, very slow
A: AC +7, negative energy resistance 1, electricity resistance, torment
resistance 1, unbreathing 1, petrification resistance
a: Renounce Religion, Berserk, Trog's Hand, Brothers in Arms


You were in a bailey.
You worshipped Trog.
Trog was greatly pleased with you.
You visited 1 branch of the dungeon, and saw 7 of its levels.
You also visited: Bailey.

You collected 368 gold pieces.

Inventory:

Hand Weapons
 l - the +6 whip "Zeibbuq" {holy, rC+ MP+9 Str-4}
   (You found it on level 6 of the Dungeon)

   It has been blessed by the Shining One to cause great damage to the undead
   and demons.
   It affects your strength (-4).
   It protects you from cold.
   It affects your magic capacity (+9).
 B - a +0 morningstar (weapon)
Missiles
 w - a throwing net
Armour
 a - +0 steam dragon scales
 b - a +0 helmet of see invisible (worn)
 e - a +0 kite shield
 f - a scarf of shadows (worn)
 g - a +1 plate armour of willpower (worn)
 C - a +0 cloak
Jewellery
 d - a ring of fire
 i - a ring of protection from cold
 p - a +4 ring of evasion (right hand)
 q - a ring of positive energy (left hand)
 y - a ring of ice
 A - an amulet of faith (around neck)
Wands
 D - a wand of digging (7)
Scrolls
 c - a scroll of teleportation {unknown}
 h - 3 scrolls of amnesia {unknown}
 j - a scroll of fog {unknown}
 k - 5 scrolls of identify {unknown}
 m - a scroll of immolation {unknown}
 n - 3 scrolls of blinking {unknown}
 o - 3 scrolls of fear {unknown}
 r - 5 scrolls of magic mapping {unknown}
 s - 2 scrolls of noise {unknown}
 t - 2 scrolls of enchant armour {unknown}


   Skills:
 + Level 9.4 Fighting
 * Level 11.6 Maces & Flails
 - Level 2.1 Armour
 - Level 1.5 Dodging


You had 9 spell levels left.
You didn't know any spells.
Your spell library was empty.

Dungeon Overview and Level Annotations

Branches:
Dungeon (7/15)             Temple (0/1) D:4          Bailey (1/1)

Altars:
Ashenzari
Dithmenos
Okawaru
Ru
Vehumet
The Shining One

Shops:
D:7 (


Innate Abilities, Weirdness & Mutations

Your stone body is resilient. (AC +7)
You are immune to poison.
You resist negative energy. (rN+)
You are resistant to electric shocks. (rElec)
You are resistant to unholy torment.
You can survive without breathing.
You are immune to petrification.


Message History

The orc knight is heavily wounded.
The orc knight hits you but does no damage.
You closely miss the orc knight.
The orc knight is heavily wounded.
You are no longer berserk.
You are exhausted.
You feel yourself slow down.
The orc knight hits you with a +0 trident.
You puncture the orc knight!
The orc knight is severely wounded.
The orc knight hits you with a +0 trident.
You sock the orc knight!
The orc knight is almost dead.
The orc knight hits you but does no damage.
You barely miss the orc knight.
The orc knight is almost dead.
The orc knight hits you but does no damage.
The orc knight hits you with a +0 trident!
* * * LOW HITPOINT WARNING * * *
You closely miss the orc knight.
The orc knight is severely wounded.
The orc knight hits you with a +0 trident.
* * * LOW HITPOINT WARNING * * *
You feel better.
The orc knight hits you but does no damage.
You feel better. The orc knight barely misses you.
The orc knight closely misses you.
You closely miss the orc knight.
The orc knight is severely wounded.
The orc knight hits you but does no damage.
You closely miss the orc knight.
The orc knight is severely wounded.
The orc knight hits you with a +0 trident.
* * * LOW HITPOINT WARNING * * *
The orc knight hits you with a +0 trident!
* * * LOW HITPOINT WARNING * * *
Your two-headed ogre goes berserk!
Trog will no longer gift you weapons.
The orc knight hits you with a +0 trident!
You die...

##.........##
##..≈≈≈≈≈≈≈..##
#..≈≈...).≈≈..##
..≈≈..###..≈≈..##########
.≈≈..## ##..≈≈..........#
≈≈..##.∩.##..≈≈≈≈≈≈≈≈≈≈.#
..)##.....##..........≈.#
###'###'#############.≈.#
.##.........##..@o.##.≈.#
##.§≈≈≈≈≈≈≈..##O..##..≈.#
#.§§≈)....≈≈..'#.##..≈≈.#
..≈≈.§⌠∩⌠.o§≈..#+#..≈≈.##
..≈≈...⌠...≈§..# #..≈≈.∩#
#..§§.....≈≈..## ##..≈≈)#
#'..≈≈≈≈≈≈≈..## ##..≈.#
.##.§.......## $$.##.≈.#
#######'##### #####.≈.#


You could see an orc knight (ally target) and a friendly two-headed ogre
(summoned, berserk).

Vanquished Creatures
  2 orc knights (Bailey)
  Sigmund (D:4)
  A steam dragon (D:6)
  A water moccasin (D:5)
  A necrophage (D:6)
  5 orc warriors
  2 ogres
  An ice beast (D:6)
  A phantom (D:6)
  A centaur (D:6)
  Blork the orc (D:4)
  2 bullfrogs
  A water moccasin zombie (D:5)
  A wyvern skeleton (D:6)
  2 scorpions
  5 wights (D:7)
  A bullfrog zombie (D:5)
  A centaur zombie (D:6)
  A hound (D:5)
  2 centaur skeletons
  A bullfrog skeleton (D:6)
  An iguana (D:4)
  4 orc wizards
  3 gnolls (D:4)
  8 adders
  A shadow imp (D:7)
  2 white imps
  An ufetubus (D:4)
  2 worms (D:2)
  2 adder skeletons (D:4)
  2 dart slugs
  17 orcs
  6 bats
  8 endoplasms
  5 giant cockroaches
  9 goblins
  11 hobgoblins
  10 jackals
  2 quokkas
  8 ball pythons
  6 frilled lizards
  8 kobolds
  A quokka skeleton (D:4)
  11 rats
162 creatures vanquished.

Vanquished Creatures (others)
  5 plants (D:4)
5 creatures vanquished.

Grand Total: 167 creatures vanquished

Notes
Turn   | Place    | Note
-------+----------+-------------------------------------------
     0 | D:1      | polve the Gargoyle Berserker began the quest for the Orb.
     0 | D:1      | Reached XP level 1. HP: 14/14 MP: 1/1
   443 | D:1      | Reached XP level 2. HP: 19/19 MP: 2/2
   889 | D:1      | Reached XP level 3. HP: 24/24 MP: 3/3
   890 | D:1      | Reached ** piety under Trog
  1309 | D:2      | Reached skill level 4 in Maces & Flails
  1871 | D:2      | Reached XP level 4. HP: 29/29 MP: 4/4
  2099 | D:2      | Found an iron altar of Okawaru.
  2624 | D:3      | Reached *** piety under Trog
  2641 | D:3      | Reached XP level 5. HP: 17/34 MP: 5/5
  2908 | D:3      | Reached skill level 5 in Maces & Flails
  2921 | D:3      | Found a sacrificial altar of Ru.
  3114 | D:4      | Noticed Blork the orc
  3119 | D:4      | Killed Blork the orc
  3164 | D:4      | Reached XP level 6. HP: 37/40 MP: 6/6
  3183 | D:4      | Found a staircase to the Ecumenical Temple.
  3197 | D:4      | Reached skill level 5 in Fighting
  3234 | D:4      | Noticed Sigmund
  3239 | D:4      | Killed Sigmund
  3240 | D:4      | Reached skill level 6 in Maces & Flails
  3537 | D:4      | Reached XP level 7. HP: 44/44 MP: 7/7
  4167 | D:5      | Entered Level 5 of the Dungeon
  4181 | D:5      | Reached **** piety under Trog
  4193 | D:5      | Reached skill level 7 in Maces & Flails
  4542 | D:5      | Reached XP level 8. HP: 19/52 MP: 8/8
  4979 | D:5      | Reached skill level 8 in Maces & Flails
  5302 | D:6      | Found a radiant altar of Vehumet.
  5302 | D:6      | Found a glowing golden altar of the Shining One.
  5303 | D:6      | Found a shadowy altar of Dithmenos.
  5303 | D:6      | Found a broken altar of Ashenzari.
  5621 | D:6      | Found a shadowy altar of Dithmenos.
  5635 | D:6      | Reached skill level 9 in Maces & Flails
  5940 | D:6      | Reached XP level 9. HP: 53/59 MP: 9/9
  6082 | D:6      | Identified the +6 whip "Zeibbuq" {holy, rC+ MP+9 Str-4}
  6515 | D:7      | Reached skill level 10 in Maces & Flails
  6867 | D:7      | Found Linue's Weapon Boutique.
  6893 | D:7      | Found a flagged portal.
  6910 | Bailey   | Entered a bailey
  6981 | Bailey   | Reached ***** piety under Trog
  7252 | Bailey   | Noticed an orc knight
  7252 | Bailey   | Noticed an orc knight
  7252 | Bailey   | Noticed an orc knight
  7478 | Bailey   | Killed an orc knight
  7479 | Bailey   | Reached skill level 11 in Maces & Flails
  7724 | Bailey   | Killed an orc knight
  7725 | Bailey   | Reached XP level 10. HP: 19/66 MP: 10/10
  8267 | Bailey   | Noticed an orc knight
  8294 | Bailey   | Mangled by an orc knight

Illustrated notes

Levels and vault maps discovered:
D:1:      dpeg_arrival_leaves_temple_mockup, layout_loops_ring,
          chequers_serial_rivers_micro_a, st_stairs_8
D:2:      minmay_diamond_boxcup, layout_basic, basic_altar
D:3:      layout_basic, nicolae_ru_the_path_less_chosen
D:4:      minmay_wonky_spiral, layout_basic, minmay_temple_entry_ruins,
          kennysheep_another_room, minmay_lizard_king, uniq_blork_the_orc,
          uniq_sigmund
D:5:      layout_loops_ring, minmay_strange_pillars
D:6:      layout_loops_ring, chequers_temple_overflow_statue_of_worship,
          serial_glass, glass_columns_a, glass_columns_c,
          minmay_strange_pillars, minmay_ruined_shrine
D:7:      layout_basic, serial_shops, nicolae_shop_behind_doors, enter_bailey_4
Bailey:   bailey_polearm_1, bailey

Skill      XL: |  1  2  3  4  5  6  7  8  9 |
---------------+----------------------------+-----
Maces & Flails | 4 5 6 7 9 11 | 11.6
Fighting       | 4 5 6 7 9 |  9.4
Armour         | |  2.1
Dodging        | |  1.5

Action                   |  1- 3 |  4- 6 |  7- 9 | 10-12 || total
-------------------------+-------+-------+-------+-------++-------
Melee: Mace              |   131 |    35 |       |       ||   166
       Whip              |       |   130 |   165 |       ||   295
       Morningstar       |       |       |   145 |    23 ||   168
Invok: Berserk           |     4 |     2 |     9 |     1 ||    16
       Brothers in Arms  |       |       |       |     1 ||     1
Evoke: Wand              |       |       |    10 |       ||    10
  Use: Potion            |       |       |     8 |     2 ||    10
Armor: Animal skin       |    56 |       |       |       ||    56
       Scale mail        |    18 |    98 |    86 |       ||   202
       Steam dragon scal |       |       |    49 |       ||    49
       Plate armour      |       |       |       |    12 ||    12
Dodge: Dodged            |   104 |    84 |   254 |     7 ||   449

Table legend: (Time is in decaauts)
 A = Elapsed time spent in this place.
 B = Non-inter-level travel time spent in this place.
 C = Inter-level travel time spent in this place.
 D = Time resting spent in this place.
 E = Time spent auto-exploring this place.
 F = Levels seen in this place.
 G = Mean time per level.
                   A        B        C        D        E       F      G
               +--------+--------+--------+--------+--------+-----+--------+
         Total |   8371 |   8113 |    258 |    744 |   6060 |   8 | 1046.4 |
       Dungeon |   6980 |   6722 |    258 |    279 |   5418 |   7 |  997.1 |
        Bailey |   1391 |   1391 |      0 |    465 |    641 |   1 | 1391.0 |
               +--------+--------+--------+--------+--------+-----+--------+

Top non-repeatable levels by time:
     D:1: 1447 daAuts
  Bailey: 1391 daAuts
     D:5: 1116 daAuts
     D:6: 1086 daAuts
     D:4: 1055 daAuts
     D:2: 947 daAuts
     D:3: 786 daAuts
     D:7: 541 daAuts
